 Dungeon Crawl Stone Soup version 0.31-a0-152-g6aa68a64a1 (webtiles) character file.

Game seed: 9773178820567616836

11412 qw the Skirmisher (level 11, -6/106 HPs)
             Began as a Naga Hunter on June 9, 2023.
             Was an Elder of Okawaru.
             Mangled by a skyshark (16 damage)
             ... on level 1 of the Lair of Beasts.
             The game lasted 00:04:03 (11216 turns).

qw the Skirmisher (Naga Hunter)                    Turns: 11216, Time: 00:04:04

Health: -6/106     AC: 21    Str: 13    XL:     11   Next: 77%
Magic:  13/14      EV: 13    Int: 10    God:    Okawaru [****..]
Gold:   312        SH:  0    Dex: 19    Spells: 10/10 levels left

rFire   . . .        v - +0 orcbow
rCold   + . .        (shield currently unavailable)
rNeg    . . .        l - +3 ring mail of the Planets {Slay+5}
rPois   +            (no helmet)
rElec   .            o - +2 cloak
rCorr   .            n - +2 pair of gloves
SInv    +            (no barding)
Will    +....        (no amulet)
Stlth   +++          u - ring of protection from cold
HPRegen 0.37/turn    b - +4 ring of protection
MPRegen 0.14/turn

%: no passive effects
@: about to teleport, short of breath, heroic, very slow
A: AC +3, large, see invisible, deformed body, poison resistance, slowness 2,
spit poison 1, naga tail 1
a: Spit Poison, Renounce Religion, Heroism, Finesse


You were on level 1 of the Lair of Beasts.
You worshipped Okawaru.
Okawaru was greatly pleased with you.
You visited 3 branches of the dungeon, and saw 12 of its levels.
You also visited: Sewer.

You collected 587 gold pieces.
You spent 275 gold pieces at shops.


Innate Abilities, Weirdness & Mutations

Your serpentine skin is tough. (AC +3)
You have supernaturally acute eyesight. (SInv)
Armour fits poorly on your strangely shaped body.
Your system is resistant to poisons. (rPois)
You cover ground very slowly.
You can spit poison.
You have a snake-like lower body.


   Skills:
 - Level 9.0(14.0) Fighting
 + Level 13.3(18.3) Ranged Weapons
 - Level 3.1(8.1) Armour
 - Level 4.4(9.4) Dodging
 - Level 1.5(6.5) Stealth
 + Level 5.1 Invocations


You had 10 spell levels left.
You didn't know any spells.
Your spell library was empty.

Inventory:

Hand Weapons
 v - a +0 orcbow (weapon)
Armour
 l - the +3 ring mail of the Planets (worn) {Slay+5}
   (You found it on level 3 of the Dungeon)

   Slay:      It affects your accuracy & damage with ranged weapons and melee
   (+5).
 m - the +0 cloak "Comoa" {rF- Will+++ Regen+ Int+2}
   (You found it on level 1 of the Lair of Beasts)

   Int:       It affects your intelligence (+2).
   rF:        It makes you vulnerable to fire.
   Regen:     It increases your rate of health regeneration.
   Will:      It greatly increases your willpower.
 n - a +2 pair of gloves (worn)
 o - a +2 cloak (worn)
Jewellery
 b - a +4 ring of protection (right hand)
 h - a ring of fire
 r - an amulet of faith
 t - a ring of positive energy
 u - a ring of protection from cold (left hand)
 Y - a ring of willpower
Scrolls
 a - a scroll of torment {unknown}
 g - 6 scrolls of identify
 k - 4 scrolls of teleportation
 q - 2 scrolls of enchant armour
Potions
 c - 5 potions of curing
 d - a potion of haste
 f - a potion of mutation
 i - a potion of magic
 j - a potion of cancellation
 p - a potion of might

Dungeon Overview and Level Annotations

Branches:
Dungeon (10/15)            Temple (1/1) D:5            Lair (1/5) D:10
    Orc (0/2) D:9           Sewer (visited)

Altars:
Ashenzari
Cheibriados
Dithmenos
Elyvilon
Fedhas
Gozag
Hepliaklqana
Kikubaaqudgha
Makhleb
Nemelex Xobeh
Okawaru
Qazlal
Ru
Sif Muna
Trog
Uskayaw
Vehumet
Wu Jian
Xom
Yredelemnul
Zin
The Shining One

Shops:
D:3 [   D:5 (   D:9 [[=(

Annotations:
D:5 3 runed translucent doors, qw's ghost, novice GrFi
D:7 1 runed translucent door, qw's ghost, novice MiHu


Message History

The skyshark is lightly wounded.
The skyshark bites you!
The skyshark tail-slaps you but does no damage. x2
The skyshark bites you!
The skyshark tail-slaps you but does no damage.
The skyshark misses you.
You shoot an arrow. The arrow hits the skyshark!!
The skyshark is moderately wounded.
The skyshark bites you!! The skyshark tail-slaps you! x2
You shoot an arrow. The arrow hits the skyshark.
The skyshark is moderately wounded.
The skyshark bites you!
The skyshark tail-slaps you but does no damage. x2
11213 ||| READING 5 scrolls of teleportation.
As you read the scroll of teleportation, it crumbles to dust.
You feel strangely unstable. The skyshark barely misses you.
The skyshark misses you. The skyshark tail-slaps you.
11214 ||| DRINKING potion of heal wounds.
You feel much better.
You have got your breath back.
The skyshark bites you but does no damage.
The skyshark tail-slaps you but does no damage.
The skyshark tail-slaps you! The skyshark misses you.
The skyshark tail-slaps you but does no damage.
The skyshark tail-slaps you.
11215 ||| INVOKING Spit Poison.
Aiming: Spit Poison (1% risk of failure)
Press: ? - help, Shift-Dir - straight line, f/p - skyshark The splash of poison hits the skyshark but does no damage.
The skyshark is poisoned.
The skyshark is moderately wounded.
The skyshark bites you! The skyshark misses you.
The skyshark tail-slaps you but does no damage.
You shoot an arrow.
The arrow hits the skyshark but does no damage.
The skyshark is moderately wounded.
The skyshark bites you. The skyshark barely misses you.
The skyshark closely misses you. The skyshark bites you!
You die...

##........# #...######
#...... ##..# .......
##.## ....... #..####
....... ###%.#.#
##..... ##.%....##
#....
##........######l.#
#...........#.##@#
#................#
...)....#........#
......:.#........##
........##........#
........##........##
.........#.........##
........###.........##
........# #..........#


You could see a skyshark (berserk, poisoned).

Vanquished Creatures
  2 two-headed ogres (D:9)
  3 cane toads (Lair:1)
  A kobold demonologist (D:10)
  2 komodo dragons
  Grinder (D:3)
  4 blink frogs (Lair:1)
  A shadow (D:10)
  2 wraiths (D:9)
  Sigmund (D:2)
  12 yaks (Lair:1)
  2 steam dragons
  Menkaure (D:7)
  A warg (D:9)
  2 hell hounds (Lair:1)
  6 water moccasins
  5 orc warriors (D:9)
  A black bear (D:4)
  2 ice beasts
  A sky beast (D:7)
  An ogre (D:6)
  3 wolves (Lair:1)
  A kobold brigand (D:10)
  7 bullfrogs
  3 gnoll sergeants (D:8)
  4 scorpions
  5 wights (D:8)
  12 killer bees
  A howler monkey (D:9)
  5 hounds
  8 orc priests
  3 jellies
  A sleepcap (D:6)
  Ijyb (D:4)
  A hell rat (Sewer)
  An iguana (D:4)
  12 orc wizards
  11 gnolls (D:8)
  8 adders
  2 river rats (Sewer)
  2 white imps
  An ufetubus (D:4)
  3 worms
  2 dart slugs
  19 orcs
  10 ball pythons
  4 endoplasms
  3 giant cockroaches
  10 goblins
  9 hobgoblins
  2 quokkas
  4 bats (D:2)
  2 frilled lizards (D:1)
  20 kobolds
  14 rats
245 creatures vanquished.

Notes
Turn   | Place    | Note
-------+----------+-------------------------------------------
     0 | D:1      | qw the Naga Hunter began the quest for the Orb.
     0 | D:1      | Reached XP level 1. HP: 19/19 MP: 1/1
     0 | D:1      | 0 ||| qw: Version: 0.2-a-122-gbc61b45
     0 | D:1      | 0 ||| qw: Game counter: 3332
     0 | D:1      | 0 ||| qw: Always use a shield: true
     0 | D:1      | 0 ||| qw: God list: Okawaru
     0 | D:1      | 0 ||| qw: Allow faded altars: false
     0 | D:1      | 0 ||| qw: Do Orc after D:15 true
     0 | D:1      | 0 ||| qw: Do second Lair branch before Depths: true
     0 | D:1      | 0 ||| qw: Lair rune preference: random
     0 | D:1      | 0 ||| qw: Plans: Normal
     0 | D:1      | 0 ||| PLANNING D:1-11
    27 | D:1      | 27 ||| INVOKING Spit Poison.
    32 | D:1      | 32 ||| INVOKING Spit Poison.
    47 | D:1      | 47 ||| INVOKING Spit Poison.
    60 | D:1      | 60 ||| INVOKING Spit Poison.
    61 | D:1      | 61 ||| INVOKING Spit Poison.
    62 | D:1      | Reached skill level 4 in Ranged Weapons
    62 | D:1      | Reached XP level 2. HP: 26/26 MP: 2/2
    95 | D:1      | 95 ||| INVOKING Spit Poison.
   148 | D:1      | 148 ||| INVOKING Spit Poison.
   174 | D:1      | 174 ||| INVOKING Spit Poison.
   243 | D:1      | 243 ||| INVOKING Spit Poison.
   257 | D:1      | 257 ||| INVOKING Spit Poison.
   267 | D:1      | 267 ||| INVOKING Spit Poison.
   358 | D:1      | 358 ||| INVOKING Spit Poison.
   373 | D:1      | 373 ||| INVOKING Spit Poison.
   374 | D:1      | Reached XP level 3. HP: 32/32 MP: 3/3
   416 | D:1      | 416 ||| INVOKING Spit Poison.
   476 | D:1      | 476 ||| INVOKING Spit Poison.
   500 | D:1      | 500 ||| INVOKING Spit Poison.
   505 | D:1      | 505 ||| INVOKING Spit Poison.
   509 | D:1      | 509 ||| INVOKING Spit Poison.
   512 | D:1      | 512 ||| INVOKING Spit Poison.
   607 | D:1      | 607 ||| READING scroll labelled SOMU PICWA.
   608 | D:1      | 608 ||| DROPPING scroll of butterflies.
   663 | D:2      | 663 ||| INVOKING Spit Poison.
   671 | D:2      | 671 ||| INVOKING Spit Poison.
   693 | D:2      | 693 ||| INVOKING Spit Poison.
   718 | D:2      | 718 ||| INVOKING Spit Poison.
   789 | D:2      | 789 ||| INVOKING Spit Poison.
   795 | D:2      | 795 ||| INVOKING Spit Poison.
   801 | D:2      | 801 ||| INVOKING Spit Poison.
   864 | D:2      | 864 ||| INVOKING Spit Poison.
   869 | D:2      | Reached skill level 5 in Ranged Weapons
   869 | D:2      | Reached XP level 4. HP: 39/39 MP: 4/4
  1011 | D:2      | 1011 ||| INVOKING Spit Poison.
  1049 | D:2      | 1049 ||| INVOKING Spit Poison.
  1052 | D:2      | 1052 ||| INVOKING Spit Poison.
  1137 | D:2      | Noticed Sigmund
  1140 | D:2      | 1140 ||| INVOKING Spit Poison.
  1145 | D:2      | 1145 ||| INVOKING Spit Poison.
  1145 | D:2      | Killed Sigmund
  1146 | D:2      | Reached XP level 5. HP: 41/51 MP: 5/5
  1146 | D:2      | Reached XP level 6. HP: 46/58 MP: 6/6
  1346 | D:2      | 1346 ||| UPGRADING to +3 leather armour.
  1356 | D:2      | 1356 ||| DROPPING +0 leather armour.
  1357 | D:2      | 1357 ||| READING 3 scrolls labelled KAYBLE ATSEA.
  1358 | D:2      | 1358 ||| READING scroll labelled WAOHA TAPTENO.
  1359 | D:2      | 1359 ||| DROPPING 2 scrolls of magic mapping.
  1405 | D:3      | 1405 ||| INVOKING Spit Poison.
  1407 | D:3      | Noticed Grinder
  1428 | D:3      | Killed Grinder
  1429 | D:3      | Reached skill level 6 in Ranged Weapons
  1560 | D:3      | Found Banal's Armour Shop.
  1608 | D:3      | 1608 ||| INVOKING Spit Poison.
  1616 | D:3      | 1616 ||| INVOKING Spit Poison.
  1687 | D:3      | 1687 ||| INVOKING Spit Poison.
  1882 | D:3      | 1882 ||| INVOKING Spit Poison.
  1885 | D:3      | Identified the +3 ring mail of the Planets {Slay+5}
  2216 | D:3      | 2216 ||| UPGRADING to +3 ring mail of the Planets {Slay+5}.
  2226 | D:3      | 2226 ||| DROPPING +3 leather armour.
  2227 | D:3      | 2227 ||| UPGRADING to +2 pair of gloves.
  2232 | D:3      | 2232 ||| READING scroll labelled RUB HERROLAFRU.
  2233 | D:3      | 2233 ||| READING 2 scrolls labelled GYLIOR NISE.
  2234 | D:3      | 2234 ||| READING 2 scrolls labelled WOCUOST GEUTH.
  2237 | D:3      | 2237 ||| DRINKING 2 amethyst potions.
  2238 | D:3      | 2238 ||| DROPPING potion of invisibility.
  2246 | D:4      | 2246 ||| INVOKING Spit Poison.
  2249 | D:4      | 2249 ||| INVOKING Spit Poison.
  2250 | D:4      | Reached XP level 7. HP: 66/66 MP: 7/7
  2253 | D:4      | 2253 ||| INVOKING Spit Poison.
  2255 | D:4      | 2255 ||| Stepping ~*~*~tactically~*~*~ (outnumbered).
  2259 | D:4      | 2259 ||| INVOKING Spit Poison.
  2260 | D:4      | Reached skill level 1 in Armour
  2265 | D:4      | 2265 ||| INVOKING Spit Poison.
  2294 | D:4      | 2294 ||| INVOKING Spit Poison.
  2299 | D:4      | Identified the staff of poison "Mihohogi" {rPois rN+ Dex-3
                  | SInv}
  2337 | D:4      | 2337 ||| INVOKING Spit Poison.
  2342 | D:4      | 2342 ||| INVOKING Spit Poison.
  2406 | D:4      | 2406 ||| INVOKING Spit Poison.
  2407 | D:4      | 2407 ||| Stepping ~*~*~tactically~*~*~ (outnumbered).
  2412 | D:4      | 2412 ||| INVOKING Spit Poison.
  2416 | D:4      | 2416 ||| INVOKING Spit Poison.
  2420 | D:4      | 2420 ||| INVOKING Spit Poison.
  2422 | D:4      | Reached skill level 7 in Ranged Weapons
  2548 | D:4      | 2548 ||| INVOKING Spit Poison.
  2552 | D:4      | 2552 ||| INVOKING Spit Poison.
  2661 | D:4      | 2661 ||| INVOKING Spit Poison.
  2664 | D:4      | 2664 ||| INVOKING Spit Poison.
  2713 | D:4      | Noticed Ijyb
  2714 | D:4      | 2714 ||| INVOKING Spit Poison.
  2722 | D:4      | 2722 ||| INVOKING Spit Poison.
  2726 | D:4      | 2726 ||| INVOKING Spit Poison.
  2728 | D:4      | Killed Ijyb
  2729 | D:4      | Reached XP level 8. HP: 72/73 MP: 8/8
  2915 | D:4      | Found a shadowy altar of Dithmenos.
  2930 | D:4      | 2930 ||| INVOKING Spit Poison.
  3079 | D:4      | 3079 ||| INVOKING Spit Poison.
  3082 | D:4      | 3082 ||| INVOKING Spit Poison.
  3087 | D:4      | 3087 ||| INVOKING Spit Poison.
  3092 | D:4      | 3092 ||| INVOKING Spit Poison.
  3216 | D:4      | 3216 ||| UPGRADING to ring of positive energy.
  3217 | D:4      | 3217 ||| DRINKING 2 yellow potions.
  3227 | D:4      | 3227 ||| DROPPING potion of ambrosia.
  3269 | D:5      | Entered Level 5 of the Dungeon
  3272 | D:5      | 3272 ||| INVOKING Spit Poison.
  3276 | D:5      | 3276 ||| INVOKING Spit Poison.
  3279 | D:5      | 3279 ||| INVOKING Spit Poison.
  3281 | D:5      | Reached skill level 8 in Ranged Weapons
  3496 | D:5      | 3496 ||| INVOKING Spit Poison.
  3499 | D:5      | 3499 ||| INVOKING Spit Poison.
  3525 | D:5      | 3525 ||| INVOKING Spit Poison.
  3548 | D:5      | Found a staircase to the Ecumenical Temple.
  3549 | D:5      | 3549 ||| PLANNING TEMPLE
  3549 | D:5      | 3549 ||| UPGRADING to +4 ring of protection.
  3550 | D:5      | 3550 ||| READING 2 scrolls of identify.
  3550 | D:5      | 3550 ||| IDENTIFYING red potion
  3579 | Temple   | Entered the Ecumenical Temple
  3611 | Temple   | 3611 ||| PLANNING OKAWARU WORSHIP
  3727 | Temple   | Became a worshipper of Warmaster Okawaru
  3727 | Temple   | 3727 ||| PLANNING D:1-11
  3762 | D:5      | Found a runed translucent gate.
  3763 | D:5      | Found a runed translucent gate.
  3764 | D:5      | Found a runed translucent gate.
  3766 | D:5      | Noticed qw's ghost (novice GrFi)
  3791 | D:5      | Found Ilygot's Weapon Shop.
  3898 | D:5      | 3898 ||| INVOKING Spit Poison.
  3904 | D:5      | 3904 ||| INVOKING Spit Poison.
  3908 | D:5      | 3908 ||| INVOKING Spit Poison.
  3940 | D:5      | Found a shimmering altar of Xom.
  3943 | D:5      | 3943 ||| INVOKING Spit Poison.
  4025 | D:5      | 4025 ||| INVOKING Spit Poison.
  4120 | D:5      | Found an opulent altar of Gozag.
  4122 | D:5      | Found a hazy altar of Hepliaklqana.
  4466 | D:5      | 4466 ||| READING scroll labelled JIHURYS CESM.
  4467 | D:5      | 4467 ||| READING 2 scrolls of identify.
  4467 | D:5      | 4467 ||| IDENTIFYING coppery potion
  4495 | D:6      | 4495 ||| PLANNING SEWER
  4534 | D:6      | 4534 ||| INVOKING Spit Poison.
  4542 | D:6      | Found a glowing drain.
  4543 | D:6      | 4543 ||| UPGRADING to +2 cloak.
  4555 | D:6      | 4555 ||| INVOKING Spit Poison.
  4561 | D:6      | 4561 ||| INVOKING Spit Poison.
  4568 | D:6      | 4568 ||| INVOKING Spit Poison.
  4576 | Sewer    | Entered a sewer
  4577 | Sewer    | 4577 ||| INVOKING Spit Poison.
  4581 | Sewer    | 4581 ||| INVOKING Spit Poison.
  4585 | Sewer    | 4585 ||| INVOKING Spit Poison.
  4592 | Sewer    | Reached skill level 9 in Ranged Weapons
  4600 | Sewer    | 4600 ||| INVOKING Spit Poison.
  4615 | Sewer    | 4615 ||| INVOKING Spit Poison.
  4649 | Sewer    | 4649 ||| READING scroll labelled KOT AVERIMELU.
  4650 | Sewer    | 4650 ||| READING scroll labelled BEEHUS YTS.
  4651 | Sewer    | 4651 ||| DRINKING 2 orange potions.
  4663 | D:6      | 4663 ||| PLANNING D:1-11
  4745 | D:6      | Found a basalt altar of Yredelemnul.
  4794 | D:6      | 4794 ||| Stepping ~*~*~tactically~*~*~ (outnumbered).
  4795 | D:6      | 4795 ||| INVOKING Spit Poison.
  4802 | D:6      | 4802 ||| INVOKING Spit Poison.
  4808 | D:6      | 4808 ||| INVOKING Spit Poison.
  4811 | D:6      | 4811 ||| INVOKING Spit Poison.
  4947 | D:6      | 4947 ||| INVOKING Spit Poison.
  4949 | D:6      | Reached skill level 6 in Fighting
  4949 | D:6      | Reached XP level 9. HP: 82/82 MP: 9/9
  5132 | D:6      | 5132 ||| INVOKING Spit Poison.
  5139 | D:6      | 5139 ||| INVOKING Spit Poison.
  5314 | D:6      | 5314 ||| DROPPING scarf of invisibility.
  5315 | D:6      | 5315 ||| READING scroll labelled QIRPHO OKKYS FEPT.
  5316 | D:6      | 5316 ||| DRINKING 2 viscous clear potions.
  5317 | D:6      | 5317 ||| READING 3 scrolls of identify.
  5317 | D:6      | 5317 ||| IDENTIFYING fuming red potion
  5318 | D:6      | 5318 ||| READING 2 scrolls of identify.
  5318 | D:6      | 5318 ||| IDENTIFYING dark potion
  5319 | D:6      | 5319 ||| DROPPING potion of attraction.
  5320 | D:6      | 5320 ||| DROPPING potion of brilliance.
  5321 | D:6      | 5321 ||| DROPPING potion of lignification.
  5374 | D:7      | Noticed Menkaure
  5380 | D:7      | Killed Menkaure
  5578 | D:7      | 5578 ||| INVOKING Spit Poison.
  5582 | D:7      | 5582 ||| INVOKING Spit Poison.
  5585 | D:7      | 5585 ||| INVOKING Spit Poison.
  5592 | D:7      | 5592 ||| INVOKING Spit Poison.
  5597 | D:7      | 5597 ||| INVOKING Spit Poison.
  5600 | D:7      | 5600 ||| INVOKING Spit Poison.
  5739 | D:7      | 5739 ||| INVOKING Spit Poison.
  5742 | D:7      | Reached * piety under Okawaru
  5815 | D:7      | Found a flagged portal.
  6070 | D:7      | 6070 ||| INVOKING Spit Poison.
  6074 | D:7      | 6074 ||| INVOKING Spit Poison.
  6161 | D:7      | Found a runed translucent door.
  6162 | D:7      | Noticed qw's ghost (novice MiHu)
  6168 | D:7      | 6168 ||| READING scroll labelled KUACOYRGHOVIS.
  6169 | D:7      | 6169 ||| READING scroll labelled JEPHUTHRYQO.
  6270 | D:7      | 6270 ||| READING 3 scrolls labelled RUNATE HEYRUN.
  6271 | D:7      | 6271 ||| READING scroll labelled ADAECR TYIFATO.
  6272 | D:7      | 6272 ||| READING 2 scrolls of identify.
  6272 | D:7      | 6272 ||| IDENTIFYING fuming ruby potion
  6273 | D:7      | 6273 ||| DROPPING 2 scrolls of vulnerability.
  6335 | D:8      | 6335 ||| READING scroll of enchant weapon.
  6335 | D:8      | 6335 ||| ENCHANTING +1 shortbow.
  6362 | D:8      | Identified the +3 war axe of Safipt {drain, Drain Int+2
                  | Dex+4}
  6396 | D:8      | 6396 ||| INVOKING Spit Poison.
  6400 | D:8      | 6400 ||| INVOKING Spit Poison.
  6404 | D:8      | 6404 ||| INVOKING Spit Poison.
  6411 | D:8      | 6411 ||| INVOKING Heroism.
  6414 | D:8      | 6414 ||| INVOKING Spit Poison.
  6420 | D:8      | Reached skill level 10 in Ranged Weapons
  6606 | D:8      | 6606 ||| READING scroll of enchant weapon.
  6606 | D:8      | 6606 ||| ENCHANTING +2 shortbow.
  6690 | D:8      | 6690 ||| INVOKING Spit Poison.
  6696 | D:8      | 6696 ||| INVOKING Spit Poison.
  6701 | D:8      | 6701 ||| INVOKING Spit Poison.
  6705 | D:8      | 6705 ||| INVOKING Spit Poison.
  6707 | D:8      | Reached skill level 1 in Invocations
  6779 | D:8      | 6779 ||| INVOKING Heroism.
  6780 | D:8      | 6780 ||| INVOKING Spit Poison.
  6788 | D:8      | 6788 ||| INVOKING Spit Poison.
  6792 | D:8      | Reached skill level 3 in Dodging
  6792 | D:8      | 6792 ||| Stepping ~*~*~tactically~*~*~ (cloud).
  6937 | D:8      | 6937 ||| INVOKING Spit Poison.
  6938 | D:8      | 6938 ||| Stepping ~*~*~tactically~*~*~ (outnumbered).
  6939 | D:8      | 6939 ||| Stepping ~*~*~tactically~*~*~ (outnumbered).
  6940 | D:8      | 6940 ||| INVOKING Spit Poison.
  6941 | D:8      | 6941 ||| Stepping ~*~*~tactically~*~*~ (outnumbered).
  6943 | D:8      | 6943 ||| INVOKING Spit Poison.
  6950 | D:8      | 6950 ||| INVOKING Spit Poison.
  6957 | D:8      | 6957 ||| INVOKING Spit Poison.
  7448 | D:8      | Reached skill level 3 in Invocations
  7465 | D:8      | 7465 ||| INVOKING Spit Poison.
  7643 | D:8      | 7643 ||| READING 2 scrolls of identify.
  7643 | D:8      | 7643 ||| IDENTIFYING bubbling golden potion
  7714 | D:9      | 7714 ||| INVOKING Heroism.
  7715 | D:9      | 7715 ||| Stepping ~*~*~tactically~*~*~ (cloud).
  7716 | D:9      | 7716 ||| Stepping ~*~*~tactically~*~*~ (cloud).
  7717 | D:9      | 7717 ||| INVOKING Spit Poison.
  7724 | D:9      | 7724 ||| Stepping ~*~*~tactically~*~*~ (cloud).
  7813 | D:9      | Found Atovveuz's Weapon Emporium.
  7854 | D:9      | 7854 ||| INVOKING Spit Poison.
  7860 | D:9      | Reached XP level 10. HP: 94/94 MP: 11/13
  7860 | D:9      | 7860 ||| INVOKING Spit Poison.
  7885 | D:9      | Noticed a two-headed ogre
  7886 | D:9      | 7886 ||| INVOKING Heroism.
  7888 | D:9      | 7888 ||| INVOKING Spit Poison.
  7893 | D:9      | 7893 ||| INVOKING Spit Poison.
  7895 | D:9      | Killed a two-headed ogre
  7895 | D:9      | Reached ** piety under Okawaru
  8001 | D:9      | Reached skill level 11 in Ranged Weapons
  8010 | D:9      | Found Epurip's Jewellery Boutique.
  8014 | D:9      | 8014 ||| SHOPLISTING +6 ring of dexterity (396 gold, have
                  | 384).
  8014 | D:9      | 8014 ||| SHOPLISTING amulet of faith (440 gold, have 384).
  8014 | D:9      | 8014 ||| SHOPLISTING ring "Huocu" {Wiz Contam rElec rC-
                  | rN+++} (576 gold, have 384).
  8014 | D:9      | 8014 ||| BUYING ring of ice (275 gold).
  8014 | D:9      | Bought a ring of ice for 275 gold pieces
  8014 | D:9      | 8014 ||| SHOPLISTING ring of protection from cold (275
                  | gold, have 109).
  8039 | D:9      | 8039 ||| INVOKING Spit Poison.
  8105 | D:9      | Noticed a two-headed ogre
  8106 | D:9      | 8106 ||| INVOKING Heroism.
  8109 | D:9      | 8109 ||| INVOKING Spit Poison.
  8114 | D:9      | 8114 ||| INVOKING Spit Poison.
  8114 | D:9      | Killed a two-headed ogre
  8128 | D:9      | 8128 ||| READING scroll of enchant weapon.
  8128 | D:9      | 8128 ||| ENCHANTING +3 shortbow.
  8163 | D:9      | Found Julif's Armour Shop.
  8407 | D:9      | 8407 ||| INVOKING Spit Poison.
  8408 | D:9      | 8408 ||| INVOKING Heroism.
  8411 | D:9      | 8411 ||| Stepping ~*~*~tactically~*~*~ (outnumbered).
  8412 | D:9      | 8412 ||| INVOKING Spit Poison.
  8413 | D:9      | 8413 ||| Stepping ~*~*~tactically~*~*~ (outnumbered).
  8418 | D:9      | 8418 ||| INVOKING Spit Poison.
  8478 | D:9      | 8478 ||| SWAPPING to +0 orcbow.
  8479 | D:9      | 8479 ||| DROPPING +4 shortbow.
  8515 | D:9      | 8515 ||| INVOKING Spit Poison.
  8544 | D:9      | Found a staircase to the Orcish Mines.
  8557 | D:9      | 8557 ||| INVOKING Spit Poison.
  8558 | D:9      | 8558 ||| INVOKING Heroism.
  8562 | D:9      | 8562 ||| INVOKING Spit Poison.
  8568 | D:9      | 8568 ||| INVOKING Spit Poison.
  8572 | D:9      | 8572 ||| INVOKING Spit Poison.
  8613 | D:9      | 8613 ||| INVOKING Heroism.
  8614 | D:9      | 8614 ||| INVOKING Spit Poison.
  8623 | D:9      | 8623 ||| INVOKING Spit Poison.
  8662 | D:9      | Found Ireto's Antique Armour Shoppe.
  8668 | D:9      | 8668 ||| SHOPLISTING embroidered scarf (216 gold, have
                  | 137).
  8668 | D:9      | 8668 ||| SHOPLISTING runed helmet (202 gold, have 137).
  8668 | D:9      | 8668 ||| SHOPLISTING twisted leather armour (189 gold, have
                  | 137).
  8706 | D:9      | 8706 ||| DROPPING ring of ice.
  8707 | D:9      | 8707 ||| UPGRADING to ring of willpower.
  8709 | D:9      | 8709 ||| UPGRADING to ring of protection from cold.
  8711 | D:9      | 8711 ||| READING 4 scrolls of identify.
  8711 | D:9      | 8711 ||| IDENTIFYING fizzy orange potion
  8712 | D:9      | 8712 ||| READING 3 scrolls of identify.
  8712 | D:9      | 8712 ||| IDENTIFYING fuming black potion
  8713 | D:9      | 8713 ||| READING 2 scrolls of identify.
  8713 | D:9      | 8713 ||| IDENTIFYING murky golden potion
  8714 | D:9      | 8714 ||| DROPPING potion of degeneration.
  8721 | D:10     | Entered Level 10 of the Dungeon
  8750 | D:10     | 8750 ||| INVOKING Spit Poison.
  8751 | D:10     | 8751 ||| Stepping ~*~*~tactically~*~*~ (outnumbered).
  8756 | D:10     | 8756 ||| INVOKING Spit Poison.
  8760 | D:10     | 8760 ||| INVOKING Spit Poison.
  8764 | D:10     | 8764 ||| INVOKING Spit Poison.
  8767 | D:10     | 8767 ||| INVOKING Spit Poison.
  8767 | D:10     | Reached *** piety under Okawaru
  8770 | D:10     | 8770 ||| INVOKING Spit Poison.
  8773 | D:10     | Reached skill level 12 in Ranged Weapons
  8777 | D:10     | 8777 ||| INVOKING Spit Poison.
  8778 | D:10     | 8778 ||| INVOKING Heroism.
  8783 | D:10     | 8783 ||| INVOKING Spit Poison.
  8789 | D:10     | 8789 ||| INVOKING Spit Poison.
  8826 | D:10     | 8826 ||| INVOKING Heroism.
  8827 | D:10     | 8827 ||| INVOKING Spit Poison.
  9051 | D:10     | 9051 ||| INVOKING Spit Poison.
  9055 | D:10     | 9055 ||| INVOKING Spit Poison.
  9060 | D:10     | 9060 ||| INVOKING Spit Poison.
  9064 | D:10     | 9064 ||| INVOKING Heroism.
  9067 | D:10     | 9067 ||| INVOKING Spit Poison.
  9075 | D:10     | 9075 ||| INVOKING Spit Poison.
  9110 | D:10     | Found a staircase to the Lair.
  9125 | D:10     | Noticed a kobold demonologist
  9126 | D:10     | 9126 ||| Stepping ~*~*~tactically~*~*~ (outnumbered).
  9128 | D:10     | 9128 ||| INVOKING Spit Poison.
  9129 | D:10     | 9129 ||| Stepping ~*~*~tactically~*~*~ (outnumbered).
  9133 | D:10     | 9133 ||| INVOKING Spit Poison.
  9134 | D:10     | Killed a kobold demonologist
  9135 | D:10     | Reached XP level 11. HP: 103/103 MP: 14/14
  9136 | D:10     | 9136 ||| INVOKING Spit Poison.
  9226 | D:10     | 9226 ||| INVOKING Spit Poison.
  9231 | D:10     | 9231 ||| INVOKING Spit Poison.
  9237 | D:10     | 9237 ||| INVOKING Spit Poison.
  9308 | D:10     | 9308 ||| INVOKING Spit Poison.
  9406 | D:10     | Found a shimmering blue altar of Sif Muna.
  9607 | D:10     | 9607 ||| PLANNING LAIR
  9607 | D:10     | 9607 ||| READING 6 scrolls of identify.
  9607 | D:10     | 9607 ||| IDENTIFYING grey potion
  9608 | D:10     | 9608 ||| DROPPING potion of enlightenment.
  9646 | Lair:1   | Entered Level 1 of the Lair of Beasts
  9674 | Lair:1   | 9674 ||| INVOKING Spit Poison.
  9679 | Lair:1   | 9679 ||| INVOKING Spit Poison.
  9687 | Lair:1   | 9687 ||| INVOKING Spit Poison.
  9692 | Lair:1   | 9692 ||| INVOKING Spit Poison.
  9693 | Lair:1   | 9693 ||| INVOKING Heroism.
  9696 | Lair:1   | 9696 ||| INVOKING Spit Poison.
  9704 | Lair:1   | 9704 ||| INVOKING Spit Poison.
  9710 | Lair:1   | 9710 ||| INVOKING Spit Poison.
  9783 | Lair:1   | 9783 ||| INVOKING Heroism.
  9957 | Lair:1   | 9957 ||| INVOKING Spit Poison.
  9960 | Lair:1   | 9960 ||| INVOKING Spit Poison.
  9962 | Lair:1   | Reached skill level 13 in Ranged Weapons
  9968 | Lair:1   | 9968 ||| INVOKING Spit Poison.
  9974 | Lair:1   | 9974 ||| INVOKING Spit Poison.
  9977 | Lair:1   | 9977 ||| INVOKING Spit Poison.
  9985 | Lair:1   | 9985 ||| INVOKING Spit Poison.
  9987 | Lair:1   | 9987 ||| INVOKING Heroism.
  9991 | Lair:1   | 9991 ||| INVOKING Spit Poison.
  9995 | Lair:1   | 9995 ||| INVOKING Spit Poison.
 10129 | Lair:1   | 10129 ||| INVOKING Spit Poison.
 10133 | Lair:1   | Reached **** piety under Okawaru
 10134 | Lair:1   | Reached skill level 9 in Fighting
 10223 | Lair:1   | Identified the +0 cloak "Comoa" {rF- Will+++ Regen+ Int+2}
 10226 | Lair:1   | 10226 ||| INVOKING Heroism.
 10227 | Lair:1   | 10227 ||| INVOKING Spit Poison.
 10233 | Lair:1   | 10233 ||| INVOKING Spit Poison.
 10238 | Lair:1   | 10238 ||| INVOKING Spit Poison.
 10243 | Lair:1   | Reached skill level 3 in Armour
 10243 | Lair:1   | 10243 ||| INVOKING Spit Poison.
 10249 | Lair:1   | 10249 ||| INVOKING Spit Poison.
 10426 | Lair:1   | 10426 ||| INVOKING Heroism.
 10427 | Lair:1   | 10427 ||| INVOKING Spit Poison.
 10435 | Lair:1   | 10435 ||| INVOKING Spit Poison.
 10444 | Lair:1   | 10444 ||| INVOKING Spit Poison.
 10453 | Lair:1   | 10453 ||| INVOKING Heroism.
 10454 | Lair:1   | 10454 ||| INVOKING Spit Poison.
 10464 | Lair:1   | Received a gift from Okawaru
 10470 | Lair:1   | HP: 26/106 [poisoned by a cane toad]
 11202 | Lair:1   | Noticed a skyshark
 11205 | Lair:1   | 11205 ||| INVOKING Spit Poison.
 11209 | Lair:1   | 11209 ||| INVOKING Heroism.
 11210 | Lair:1   | 11210 ||| INVOKING Spit Poison.
 11212 | Lair:1   | HP: 14/106 [skyshark (16)]
 11213 | Lair:1   | 11213 ||| READING 5 scrolls of teleportation.
 11214 | Lair:1   | 11214 ||| DRINKING potion of heal wounds.
 11215 | Lair:1   | 11215 ||| INVOKING Spit Poison.
 11216 | Lair:1   | Mangled by a skyshark

Levels and vault maps discovered:
D:1:      minmay_arrival_wavy_path, layout_basic
D:2:      layout_basic, dreamdust_princess_corridor, kennysheep_nondescript,
          uniq_sigmund
D:3:      layout_basic, serial_shops, shop_fountains, uniq_grinder
D:4:      layout_basic, mainiacjoe_overflow_brackets,
          hangedman_decor_clover_reticule, minmay_a_box_with_orc_wizards_in_it,
          uniq_ijyb
D:5:      layout_layer_cave, marbit_many_paths,
          chequers_temple_overflow_statue_of_worship,
          minmay_temple_entry_overgrown, ebering_ghost_rock_garden,
          serial_shops, shop
D:6:      layout_basic, yredelemnul_altar_generic, gup_sewer_entry_glass,
          nicolae_underground_beach
D:7:      layout_gridville, enter_bailey_1, gammafunk_ghost_grave,
          serial_park_tiny_1, chequers_serial_rivers_large_b, uniq_menkaure
D:8:      layout_layer_cave
D:9:      layout_irregular_city, david_orc_1_choice, serial_shops, shop,
          nicolae_shop_pleasant_corner_grove, nicolae_lakefront_shop,
          nicolae_shop_just_a_little_nook
D:10:     layout_basic, mainiacjoe_overflow_alcove_1, lair_entry_dummy
Temple:   nicolae_temple_elliptical
Lair:1:   layout_cave_pods, enter_volcano_3, infiniplex_staircase_pool,
          serial_bayou_shore_a

Skill      XL: |  1  2  3  4  5  6  7  8  9 10 11 |
---------------+----------------------------------+-----
Ranged Weapons | 4 5 6 7 9 10 12 13 | 13.3
Fighting       | 4 6 7 8 9 |  9.0
Armour         | 1 2 3 |  3.1
Dodging        | 2 3 4 |  4.4
Invocations    | 4 5 |  5.1
Stealth        | |  1.5

Action                     |  1- 3 |  4- 6 |  7- 9 | 10-12 || total
---------------------------+-------+-------+-------+-------++-------
  Melee: Unarmed           |       |       |     9 |       ||     9
   Fire: Shortbow          |    66 |    41 |   310 |    47 ||   464
         Orcbow            |       |       |       |   252 ||   252
 Invoke: Heroism           |       |       |     3 |    15 ||    18
Ability: Spit Poison       |    26 |    12 |    76 |    66 ||   180
    Use: Scroll            |     1 |     5 |    16 |     6 ||    28
         Potion            |       |     1 |     3 |     1 ||     5
 Armour: Leather armour    |     5 |     4 |       |       ||     9
         Ring mail         |       |       |   131 |   199 ||   330
         Skin              |       |       |     4 |       ||     4
  Dodge: Dodged            |    14 |     3 |    91 |   207 ||   315

Table legend:
 A = Non-vault XP
 B = Vault XP
 C = Vault XP percentage of total XP
 D = Non-vault monster count
 E = Vault monster count
 F = Vault count percentage of total count
                 A         B        C        D         E       F
            +---------+---------+-------+---------+---------+-------
      Total |   14281 |    2023 |  12.4 |     208 |      37 |  15.1
            +---------+---------+-------+---------+---------+-------
        D:1 |      46 |       0 |   0.0 |      27 |       0 |   0.0
        D:2 |      60 |     214 |  78.1 |      23 |       1 |   4.2
        D:3 |      12 |     277 |  95.8 |       7 |       1 |  12.5
        D:4 |     559 |     177 |  24.0 |      19 |       5 |  20.8
        D:5 |     519 |      13 |   2.4 |      13 |       1 |   7.1
        D:6 |     511 |      55 |   9.7 |      12 |       5 |  29.4
        D:7 |     362 |     172 |  32.2 |       9 |       1 |  10.0
        D:8 |    1319 |       0 |   0.0 |      23 |       0 |   0.0
        D:9 |    2889 |     750 |  20.6 |      16 |       9 |  36.0
       D:10 |    1761 |       0 |   0.0 |      29 |       0 |   0.0
     Lair:1 |    6243 |     293 |   4.5 |      30 |       2 |   6.2
      Sewer |       0 |      72 | 100.0 |       0 |      12 | 100.0
            +---------+---------+-------+---------+---------+-------
